 Dungeon Crawl Stone Soup version 0.32-a0-314-g526f7d4993 (webtiles) character file.

Game seed: 1897427335390328917

3593 domi the Thaumaturge (level 10, -1/44 HPs)
             Began as a Vine Stalker Necromancer on Feb 15, 2024.
             Was a Believer of Kikubaaqudgha.
             Slain by a wyvern (9 damage)
             ... on level 8 of the Dungeon.
             The game lasted 00:35:22 (8601 turns).

domi the Thaumaturge (Vine Stalker Necromancer)     Turns: 8601, Time: 00:35:22

Health: -1/44      AC:  6    Str: 11    XL:     10   Next: 10%
Magic:  0/24       EV: 16    Int: 25    God:    Kikubaaqudgha [**....]
Gold:   300        SH:  4    Dex: 15    Spells: 11/28 levels left

rFire   . . .        i - staff of death {rN+}
rCold   . . .        h - +0 buckler
rNeg    + . .        a - +0 robe
rPois   .            b - +0 helmet
rElec   .            u - +0 cloak
rCorr   .            s - +0 pair of gloves
SInv    .            x - +0 pair of boots
Will    +....        m - amulet of the acrobat
Stlth   ++           t - +5 ring of evasion
HPRegen 1.07/turn    w - +6 ring of intelligence
MPRegen 0.19/turn

%: acrobat, guardian spirit
@: animating dead
A: fangs 3, regeneration 1, magic shield, antimagic bite, no potion heal 2
a: Renounce Religion, Unearth Wretches


You were on level 8 of the Dungeon.
You worshipped Kikubaaqudgha.
Kikubaaqudgha was pleased with you.
You visited 2 branches of the dungeon, and saw 9 of its levels.

You collected 300 gold pieces.

Inventory:

Hand Weapons
 f - a +1 club of electrocution
   (You took it off a kobold on level 1 of the Dungeon)
Missiles
 d - a throwing net {=f, !d=f}
Armour
 a - a +0 robe (worn)
 b - a +0 helmet (worn)
   (You took it off Robin on level 3 of the Dungeon)
 h - a +0 buckler (worn)
   (You found it on level 6 of the Dungeon)
 r - the +1 leather armour of the Disturbing Shrikes {rElec rF- Will+ Stlth+}
   (You found it on level 3 of the Dungeon)

   rF-:       It makes you vulnerable to fire.
   rElec:     It insulates you from electricity.
   Will+:     It increases your willpower.
   Stlth+:    It makes you more stealthy.
 s - a +0 pair of gloves (worn)
   (You found it on level 4 of the Dungeon)
 u - a +0 cloak (worn)
   (You found it on level 6 of the Dungeon)
 x - a +0 pair of boots (worn)
   (You found it on level 4 of the Dungeon)
Magical Staves
 i - a staff of death (weapon) {rN+}
   (You found it on level 2 of the Dungeon)
Jewellery
 m - an amulet of the acrobat (around neck)
   (You found it on level 5 of the Dungeon)
 n - a ring of protection from fire {rF+}
   (You found it on level 5 of the Dungeon)
 t - a +5 ring of evasion (left hand)
   (You found it on level 4 of the Dungeon)
 w - a +6 ring of intelligence (right hand)
   (You found it on level 4 of the Dungeon)
Wands
 v - a wand of digging (4)
   (You found it on level 6 of the Dungeon)
 y - a wand of acid (5)
   (You found it on level 6 of the Dungeon)
 C - a wand of iceblast (4)
   (You took it off Pikel on level 7 of the Dungeon)
Scrolls
 c - 5 scrolls of identify {@r1}
 e - 2 scrolls of vulnerability {!r!r}
 g - 2 scrolls of teleportation {@r4}
 A - 3 scrolls of enchant weapon
 D - a scroll of enchant armour {unknown}
Potions
 j - a potion of attraction {unknown}
 k - 3 potions of curing {@q1}
 l - 3 potions of heal wounds {@q2}
 o - 2 potions of resistance
 p - a potion of mutation {!q!q}
 q - 3 potions of degeneration {!q}
 z - a potion of cancellation {unknown}


   Skills:
 - Level 1.5 Dodging
 - Level 2.4 Stealth
 + Level 9.8 Spellcasting
 - Level 8.0 Summonings
 - Level 8.0 Necromancy


You had 11 spell levels left.
You knew the following spells:

 Your Spells              Type           Power      Damage    Failure   Level
c - Call Imp              Summ           100%       N/A       1%          2
n - Sublimation of Blood  Necr           68%        N/A       1%          2
u - Martyr's Knell        Necr/Summ      68%        N/A       2%          4
x - Summon Small Mammal   Summ           100%       N/A       1%          1
y - Necrotise             Necr           100%       1d9       1%          1
z - Vampiric Draining     Necr           68%        2d10      1%          3
X - Animate Dead          Necr           68%        N/A       2%          4

Your spell library contained the following spells:

 Spells                   Type           Power      Damage    Failure   Level
 Fugue of the Fallen      Necr           68%        N/A       1%          3
 Apportation              Tloc           24%        N/A       8%          1
 Magic Dart               Conj           48%        1d5       8%          1
 Sting                    Conj/Alch      48%        1d6       8%          1
 Curse of Agony           Necr           68%        N/A       8%          5
 Blink                    Tloc           24%        N/A       11%         2
 Ensorcelled Hibernation  Hex/Ice        24%        N/A       11%         2
 Lesser Beckoning         Tloc           24%        N/A       11%         2
 Gell's Gravitas          Tloc           12%        N/A       22%         3
 Passwall                 Erth           12%        N/A       22%         3
 Swiftness                Air            12%        N/A       22%         3
 Teleport Other           Tloc           12%        N/A       22%         3


Dungeon Overview and Level Annotations

Branches:
Dungeon (8/15)             Temple (1/1) D:4
   Lair: D:8-11

Altars:
Ashenzari
Cheibriados
Dithmenos
Elyvilon
Fedhas
Gozag
Hepliaklqana
Kikubaaqudgha
Makhleb
Nemelex Xobeh
Qazlal
Sif Muna
Trog
Uskayaw
Wu Jian
Yredelemnul
The Shining One


Innate Abilities, Weirdness & Mutations

You have razor-sharp teeth.
Your natural rate of healing is unusually fast.
When hurt, damage is shared between your health and your magic reserves.
Your bite disrupts and absorbs the magic of your enemies.
Potions cannot restore your health.


Message History

Your cerulean imp misses the water moccasin.
The water moccasin bites you.
You are poisoned.
The water moccasin poisons you!
Your magical contamination has completely faded away.
You hit the water moccasin.
The water moccasin writhes in agony!
You bite the water moccasin. You drain its power.
You feel invigorated.
You feel very sick. The water moccasin barely misses you.
Your cerulean imp completely misses the water moccasin.
Unknown command.
You hit the water moccasin but do no damage.
You feel very sick. The water moccasin bites you.
Your cerulean imp barely misses the water moccasin.
The water moccasin misses you.
Your cerulean imp closely misses the water moccasin.
You barely miss the water moccasin. Your bite misses the water moccasin.
You feel very sick.
The water moccasin closely misses you. x2
Your cerulean imp hits the water moccasin with a +1 spear.
You closely miss the water moccasin. You bite the water moccasin.
You kill the water moccasin!
Kikubaaqudgha accepts your kill.
The dead are slithering!
You feel sick.
You feel sick.
You feel sick.
You feel sick.
An orc wizard comes into view. It is wielding a +0 dagger.
You feel sick.
You feel sick.
A wyvern comes into view.
You feel sick.
You are no longer poisoned.
An electric eel comes into view.
Your cerulean imp closely misses the orc wizard.
The orc wizard gestures at you while chanting.
The magic dart hits you!
Press: ? - help, Shift-Dir - straight line, f - wyvern
Aim: a wyvern (chance to affect: 83%)
You feel a surge of power!
The wyvern writhes in agony.
Your cerulean imp closely misses the orc wizard.
The orc wizard points at you and mumbles some strange words.
The puff of flame misses you.
Press: ? - help, Shift-Dir - straight line, f/p - wyvern
Aim: a wyvern (lightly wounded, chance to affect: 83%)
You feel a surge of power!
The wyvern barely resists.
Your martyred shade disappears in a puff of smoke!
Your water moccasin zombie is engulfed in a cloud of scalding steam.
Your water moccasin zombie barely misses the orc wizard.
Your cerulean imp barely misses the orc wizard.
The wyvern bites you!
The orc wizard is engulfed in a cloud of scalding steam.
The orc wizard points at you and mumbles some strange words.
Your water moccasin zombie appears confused.
Press: ? - help, Shift-Dir - straight line, f/p - wyvern
Aim: a wyvern (lightly wounded, chance to affect: 83%)
You feel a surge of power!
The wyvern writhes in agony!
Your water moccasin zombie is engulfed in a cloud of scalding steam.
The wyvern barely misses you.
Your cerulean imp barely misses the orc wizard.
The orc wizard gestures at you while chanting.
The puff of flame hits you!
Press: ? - help, Shift-Dir - straight line, f/p - wyvern
Aim: a wyvern (moderately wounded, chance to affect: 83%)
You feel a surge of power!
The wyvern writhes in agony.
The wyvern completely misses you.
Your cerulean imp hits the orc wizard from afar with a +1 spear.
The orc wizard dies!
Kikubaaqudgha accepts your kill.
Kikubaaqudgha is now protecting you from necromantic miscasts and death curses.
The dead are walking!
The wyvern misses you.
Press: ? - help, Shift-Dir - straight line, f/p - wyvern
Aim: a wyvern (heavily wounded, ally target, chance to affect: 83%)
You feel a surge of power!
The wyvern writhes in agony.
You block the wyvern's attack.
Your cerulean imp hits the wyvern from afar with a +1 spear.
Press: ? - help, Shift-Dir - straight line, f/p - wyvern
Aim: a wyvern (heavily wounded, ally target, chance to affect: 83%)
You feel a surge of power!
The wyvern barely resists.
Your cerulean imp disappears in a puff of smoke!
You block the wyvern's attack.
The wyvern bites you but does no damage.
Press: ? - help, Shift-Dir - straight line, f/p - wyvern
Aim: a wyvern (heavily wounded, ally target, chance to affect: 83%)
You feel a surge of power!
The wyvern writhes in agony.
The wyvern bites you!
* * * LOW HITPOINT WARNING * * *
Your water moccasin zombie closely misses the wyvern.
Press: ? - help, Shift-Dir - straight line, f/p - wyvern
Aim: a wyvern (severely wounded, ally target, chance to affect: 83%)
You feel a surge of power!
The wyvern writhes in agony.
The wyvern bites you.
* * * LOW HITPOINT WARNING * * *
The wyvern misses you.
Okay, then.
Okay, then.
Unknown command.
As you read the scroll of fog, it dissolves into smoke.
The wyvern bites you!
You die...
Kikubaaqudgha rasps: You have failed me!
Welcome... death!

......# #.. ...
........##.# ....#
...........# ....#
...........## ....#
............####....#
..................#
................##
....Z.§§§§......<##
.....§§@§.........##
....(.k§§§#........#
~~....Z..§##........#
..S.......##........#
.[~..~~...~##..........
.~..~.)~..~~#........#.
.~.⌠~..~..~~#...........
~..~⌠.~...~~#..........
#..........


You could see a wyvern (ally target), an electric eel, a friendly water moccasin
zombie (confused) and a friendly orc wizard zombie.

Vanquished Creatures
  Pikel (D:7)
  A wyvern (D:7)
  A steam dragon (D:7)
  Edmund (D:4)
  A water moccasin (D:8)
  2 black bears
  An ice beast (D:5)
  2 ogres
  2 centaurs
  A lemure (D:7)
  A phantom (D:6)
  A kobold brigand (D:6)
  A bullfrog (D:6)
  A scorpion (D:6)
  4 wights (D:7)
  A howler monkey (D:6)
  3 bombardier beetles
  2 hounds
  4 jellies
  An orc priest (D:7)
  A gnoll bouda (D:4)
  3 iguanas
  2 orc wizards
  Robin (D:3)
  5 gnolls
  8 adders
  A white imp (D:5)
  2 dart slugs
  3 ribbon worms
  7 orcs
  4 endoplasms
  A giant cockroach (D:3)
  6 hobgoblins
  8 jackals
  10 kobolds
  4 quokkas
  8 ball pythons
  5 bats
  A frilled lizard (D:3)
  14 goblins
  5 rats
131 creatures vanquished.

Vanquished Creatures (collateral kills)
  Menkaure (D:5)
  An ice beast (D:7)
  2 ogres (D:7)
  A centaur (D:7)
  A phantom (D:6)
  A bullfrog (D:7)
  A wight (D:7)
  2 jellies
  An orc wizard (D:8)
  2 gnolls (D:4)
  An adder (D:2)
  A white imp (D:7)
  2 ufetubi (D:6)
  2 orcs
  2 hobgoblins
  A bat (D:2)
  A frilled lizard (D:2)
  2 goblin zombies (D:5)
  3 kobolds (D:6)
  A rat (D:1)
29 creatures vanquished.

Grand Total: 160 creatures vanquished

Notes
Turn   | Place    | Note
-------+----------+-------------------------------------------
     0 | D:1      | domi the Vine Stalker Necromancer began the quest for the
                  | Orb.
     0 | D:1      | Reached XP level 1. HP: 9/9 MP: 4/4
   229 | D:1      | Reached XP level 2. HP: 12/13 MP: 0/6
   443 | D:1      | Reached XP level 3. HP: 16/16 MP: 3/7
   489 | D:1      | Reached skill level 5 in Necromancy
  1270 | D:2      | Learned a level 3 spell: Vampiric Draining
  1272 | D:2      | Learned a level 1 spell: Summon Small Mammal
  1291 | D:2      | Reached XP level 4. HP: 21/21 MP: 2/8
  1507 | D:2      | Reached skill level 6 in Necromancy
  1764 | D:2      | Reached XP level 5. HP: 24/24 MP: 6/9
  2684 | D:3      | Found a white marble altar of Elyvilon.
  2738 | D:3      | Found an ancient bone altar of Kikubaaqudgha.
  2953 | D:3      | Noticed Robin
  2981 | D:3      | Killed Robin
  3226 | D:3      | Identified the +1 leather armour of the Disturbing Shrikes
                  | {rElec rF- Will+ Stlth+}
  3532 | D:4      | Noticed Edmund
  3544 | D:4      | HP: 9/36 [Edmund/+1 flail of holy wrath (5)]
  3545 | D:4      | HP: 4/36 [Edmund/+1 flail of holy wrath (7)]
  3552 | D:4      | HP: 4/36 [Edmund/+1 flail of holy wrath (5)]
  3554 | D:4      | Killed Edmund
  3555 | D:4      | Reached skill level 7 in Necromancy
  3555 | D:4      | Reached XP level 6. HP: 6/28 MP: 0/10
  4051 | D:4      | Reached skill level 8 in Necromancy
  4278 | D:4      | Found a staircase to the Ecumenical Temple.
  4284 | D:4      | Reached skill level 1 in Summonings
  4290 | D:4      | Reached XP level 7. HP: 32/32 MP: 1/11
  4299 | Temple   | Entered the Ecumenical Temple
  4457 | D:3      | Became a worshipper of Kikubaaqudgha
  4657 | D:5      | Entered Level 5 of the Dungeon
  4755 | D:5      | Reached skill level 3 in Summonings
  4838 | D:5      | Noticed Menkaure
  4851 | D:5      | Killed Menkaure
  4852 | D:5      | Reached skill level 4 in Summonings
  5102 | D:5      | Reached skill level 5 in Summonings
  5102 | D:5      | Gained mutation: You have razor-sharp teeth. [Vine Stalker
                  | growth]
  5102 | D:5      | Reached XP level 8. HP: 36/36 MP: 5/12
  5458 | D:5      | Reached skill level 6 in Summonings
  6095 | D:5      | Learned a level 2 spell: Call Imp
  6100 | D:5      | Learned a level 4 spell: Animate Dead
  6123 | D:5      | Reached skill level 7 in Summonings
  6288 | D:6      | Reached * piety under Kikubaaqudgha
  6288 | D:6      | Received a gift from Kikubaaqudgha
  6539 | D:6      | Reached skill level 8 in Summonings
  6917 | D:6      | Reached skill level 3 in Spellcasting
  7148 | D:6      | Reached skill level 4 in Spellcasting
  7148 | D:6      | Reached XP level 9. HP: 38/39 MP: 10/16
  7507 | D:6      | Reached skill level 5 in Spellcasting
  7531 | D:6      | Learned a level 4 spell: Martyr's Knell
  7534 | D:6      | Learned a level 2 spell: Sublimation of Blood
  7620 | D:7      | Found a hazy altar of Hepliaklqana.
  7656 | D:7      | Reached skill level 6 in Spellcasting
  7675 | D:7      | HP: 1/39 [wight/+6 halberd (3)]
  7717 | D:7      | Reached skill level 7 in Spellcasting
  8002 | D:7      | Reached skill level 8 in Spellcasting
  8064 | D:7      | Noticed Pikel
  8076 | D:7      | Killed Pikel
  8077 | D:7      | Reached skill level 9 in Spellcasting
  8077 | D:7      | Reached XP level 10. HP: 44/44 MP: 15/24
  8596 | D:8      | Reached ** piety under Kikubaaqudgha
  8599 | D:8      | HP: 10/44 [wyvern (8)]
  8601 | D:8      | Slain by a wyvern

Illustrated notes

Levels and vault maps discovered:
D:1:      psy_arrival_radial02, layout_loops_ring,
          hangedman_decor_diamond_cutter
D:2:      layout_basic, serial_park_tiny_pond
D:3:      layout_loops_corners, mainiacjoe_overflow_paths,
          mainiacjoe_overflow_tiny_flanked, minmay_cut_off, uniq_robin
D:4:      layout_loops_ring, temple_green, uniq_edmund
D:5:      layout_gridville, enter_ossuary_4, uniq_menkaure
D:6:      layout_basic, nicolae_hexahallways
D:7:      layout_basic, nicolae_overflow_hidden_temple, uniq_pikel
D:8:      cheibrodos_helix_gallery, layout_layer_cave, grunt_decor_fettered,
          uniq_grum, uniq_gastronok, uniq_maggie, uniq_erica
Temple:   zaba_magenta_temple

Skill      XL: |  1  2  3  4  5  6  7  8  9 |
---------------+----------------------------+-----
Necromancy     | 5 6 7 8 |  8.0
Summonings     | 1 5 8 |  8.0
Spellcasting   | 4 9 |  9.8
Dodging        | |  1.5
Stealth        | |  2.4

Action                     |  1- 3 |  4- 6 |  7- 9 | 10-12 || total
---------------------------+-------+-------+-------+-------++-------
  Melee: Club              |     8 |       |       |       ||     8
         Bite              |     4 |     3 |    28 |     2 ||    37
         Staff             |     1 |    21 |   103 |     4 ||   129
   Cast: Necrotise         |    38 |   120 |   129 |    10 ||   297
         Summon Small Mamm |     3 |     6 |    18 |       ||    27
         Call Imp          |       |       |    16 |     2 ||    18
         Animate Dead      |       |       |     5 |     2 ||     7
         Vampiric Draining |       |       |     1 |       ||     1
         Martyr's Knell    |       |       |    10 |     2 ||    12
         Sublimation of Bl |       |       |     4 |     1 ||     5
  Evoke: Wand              |       |       |    15 |       ||    15
    Use: Potion            |       |     2 |     4 |       ||     6
         Scroll            |       |       |    16 |     1 ||    17
 Armour: Robe              |    11 |    25 |   112 |     9 ||   157
         Skin              |       |    14 |    45 |       ||    59
  Dodge: Dodged            |    18 |    39 |   188 |     9 ||   254
  Block: Buckler           |       |       |    33 |     2 ||    35

Table legend: (Time is in decaauts)
 A = Elapsed time spent in this place.
 B = Non-inter-level travel time spent in this place.
 C = Inter-level travel time spent in this place.
 D = Time resting spent in this place.
 E = Time spent auto-exploring this place.
 F = Levels seen in this place.
 G = Mean time per level.
                   A        B        C        D        E       F      G
               +--------+--------+--------+--------+--------+-----+--------+
         Total |   8616 |   8239 |    377 |    883 |   5791 |   9 |  957.3 |
       Dungeon |   8517 |   8152 |    365 |    810 |   5791 |   8 | 1064.6 |
        Temple |     98 |     86 |     12 |     73 |      0 |   1 |   98.0 |
               +--------+--------+--------+--------+--------+-----+--------+

Top non-repeatable levels by time:
     D:6: 1705 daAuts
     D:3: 1285 daAuts
     D:5: 1234 daAuts
     D:2: 1203 daAuts
     D:1: 1150 daAuts
     D:7: 983 daAuts
     D:4: 924 daAuts
  Temple: 98 daAuts
     D:8: 30 daAuts

Levels and vault maps discovered:
D:1:      psy_arrival_radial02, layout_loops_ring,
          hangedman_decor_diamond_cutter
D:2:      layout_basic, serial_park_tiny_pond
D:3:      layout_loops_corners, mainiacjoe_overflow_paths,
          mainiacjoe_overflow_tiny_flanked, minmay_cut_off, uniq_robin
D:4:      layout_loops_ring, temple_green, uniq_edmund
D:5:      layout_gridville, enter_ossuary_4, uniq_menkaure
D:6:      layout_basic, nicolae_hexahallways
D:7:      layout_basic, nicolae_overflow_hidden_temple, uniq_pikel
D:8:      cheibrodos_helix_gallery, layout_layer_cave, grunt_decor_fettered,
          uniq_grum, uniq_gastronok, uniq_maggie, uniq_erica
Temple:   zaba_magenta_temple

Table legend: (Time is in decaauts)
 A = Elapsed time spent in this place.
 B = Non-inter-level travel time spent in this place.
 C = Inter-level travel time spent in this place.
 D = Time resting spent in this place.
 E = Time spent auto-exploring this place.
 F = Levels seen in this place.
 G = Mean time per level.
                   A        B        C        D        E       F      G
               +--------+--------+--------+--------+--------+-----+--------+
         Total |   8616 |   8239 |    377 |    883 |   5791 |   9 |  957.3 |
       Dungeon |   8517 |   8152 |    365 |    810 |   5791 |   8 | 1064.6 |
        Temple |     98 |     86 |     12 |     73 |      0 |   1 |   98.0 |
               +--------+--------+--------+--------+--------+-----+--------+

Top non-repeatable levels by time:
     D:6: 1705 daAuts
     D:3: 1285 daAuts
     D:5: 1234 daAuts
     D:2: 1203 daAuts
     D:1: 1150 daAuts
     D:7: 983 daAuts
     D:4: 924 daAuts
  Temple: 98 daAuts
     D:8: 30 daAuts

Table legend:
 A = Kills in this place as a percentage of kills in the entire game.
 B = Kills by you in this place as a percentage of kills by you in the entire game.
 C = Kills by friends in this place as a percentage of kills by friends in the entire game.
 D = Other kills in this place as a percentage of other kills in the entire game.
 E = Experience gained in this place as a percentage of experience gained in the entire game.
 F = Experience gained in this place divided by the number of levels of this place that you have seen.
                   A       B       C       D       E      F
               +-------+-------+-------+-------+-------+----------------------
         Total | 100.0 | 100.0 | 100.0 |   N/A | 100.0 | 570.4
       Dungeon | 100.0 | 100.0 | 100.0 |   N/A | 100.0 | 641.8
               +-------+-------+-------+-------+-------+----------------------
